 Dungeon Crawl Stone Soup version 0.20-a0-1023-gc4d110f (webtiles) character file.

2270 Rrauwl the Cleaver (level 9, 0/64 HPs)
             Began as a Formicid Fighter on Apr 19, 2017.
             Was a Priest of Cheibriados.
             Slain by an orc warrior
             ... wielding a +0 glaive
              (20 damage)
             ... on level 8 of the Dungeon.
             The game lasted 00:23:12 (4150 turns).

Rrauwl the Cleaver (Formicid Fighter)               Turns: 4150, Time: 00:23:13

Health: 0/64       AC: 13    Str: 31      XL:     9   Next: 65%
Magic:  9/9        EV:  8    Int: 18      God:    Cheibriados [***...]
Gold:   275        SH: 11    Dex: 18 (19) Spells: 8/8 levels left

rFire    . . .     SeeInvis +   a - +0 war axe
rCold    . . .     Gourm    .   j - +0 shield
rNeg     . . .     Faith    .   q - +0 chain mail
rPois    .         Spirit   .   (helmet unavailable)
rElec    .         Reflect  .   (no cloak)
rCorr    .         Harm     .   (no gloves)
MR       +....     Clarity  +   l - +1 pair of boots
Stlth    ..........             t - amulet of magic regeneration
Regen    0.2/turn               y - ring of protection from magic
MPRegen  0.2/turn               z - ring of see invisible

@: very slow
A: permanent stasis, dig shafts and tunnels, four strong arms, antennae 3, slimy
green scales 1, clarity, clever 1, screaming 1
a: Dig, Shaft Self, Bend Time, Temporal Distortion, Renounce Religion


You were on level 8 of the Dungeon.
You worshipped Cheibriados.
Cheibriados was most pleased with you.
You were not hungry.

You visited 1 branch of the dungeon, and saw 6 of its levels.

You collected 275 gold pieces.

Inventory:

Hand Weapons
 a - a +0 war axe (weapon)
 c - a +2 whip of flaming
Armour
 j - a +0 shield (worn)
 l - a +1 pair of boots (worn)
 q - a +0 chain mail (worn)
 A - a +0 cloak
Jewellery
 r - an uncursed ring of resist corrosion
 t - an amulet of magic regeneration (around neck)
 v - an uncursed ring of resist corrosion
 w - an uncursed ring of protection from cold
 y - a ring of protection from magic (left hand)
 z - a ring of see invisible (right hand)
Wands
 b - a wand of iceblast (10/15)
 g - a wand of paralysis (9/24)
 s - a wand of polymorph (14/24)
Scrolls
 d - a scroll of magic mapping
 e - 3 scrolls of remove curse
 i - a scroll of identify
 p - a scroll of recharging
Potions
 n - a potion of heal wounds
 o - 3 potions of curing
 u - a potion of cancellation
Comestibles
 f - 2 bread rations
 h - 4 chunks of flesh
 k - 2 meat rations
 m - 7 fruits


   Skills:
 - Level 3.2 Fighting
 + Level 11.7 Axes
 - Level 3.2 Armour
 - Level 2.2 Dodging
 - Level 4.0 Shields


You had 8 spell levels left.
You didn't know any spells.

Dungeon Overview and Level Annotations

Branches:
Dungeon (5/15)
 Temple: D:4-7

Altars:
Ashenzari
Cheibriados
Elyvilon
Fedhas
Hepliaklqana
Qazlal
Yredelemnul
Zin


Innate Abilities, Weirdness & Mutations

You cannot be hasted, slowed, berserked, paralysed or teleported.
You can dig through walls and to a lower floor.
Your four strong arms can wield two-handed weapons with a shield.
You have a pair of large antennae on your head. (SInv)
You are partially covered in slimy green scales. (AC +2)
You possess an exceptional clarity of mind.
Your mind is acute. (Int +2)
You occasionally shout uncontrollably at your foes.


Message History

* * * LOW HITPOINT WARNING * * *
The quasit barely misses you. You block the quasit's attack.
Unknown command.
You hit the quasit but do no damage.
The quasit is severely wounded.
The orc wizard gestures wildly while chanting.
The orc wizard blinks!
You block the quasit's attack. x2
The quasit claws you but does no damage.
The orc warrior hits you but does no damage.
Unknown command.
You slash the quasit!
You kill the quasit!
Cheibriados appreciates the change of pace.
You block the orc warrior's attack. You block the orc wizard's attack.
You slash the orc wizard!
The orc wizard is heavily wounded.
The orc wizard hits you but does no damage.
You block the orc wizard's attack.
The orc warrior hits you from afar with a glaive!!
You die...

.. ## #.. .# .. .. ..
.#.. #. .#. ## #. ..
#..<##.#.# # #.....>#
#. #@# ... #o#
....###o# ####
......oo### .....
.#####..o.##....?.
...######...%o......
........##.##.o.....
.#####........ยง.o...
##.###.#####...


You could see an orc warrior, an orc priest, 2 orc wizards and an orc.

Vanquished Creatures
  Pikel (D:5)
  Sigmund (D:3)
  2 sky beasts
  4 slaves (D:5)
  A black bear (D:5)
  A phantom (D:4)
  4 ogres
  4 scorpions
  A centaur zombie (D:5)
  A quasit (D:8)
  3 orc priests
  Crazy Yiuf (D:5)
  A bullfrog skeleton (D:4)
  5 orc wizards
  Ijyb (D:4)
  Terence (D:3)
  7 worker ants
  A howler monkey zombie (D:8)
  11 adders
  An ooze (D:3)
  5 dart slugs
  3 worms
  5 leopard geckos
  23 orcs
  4 giant cockroaches
  8 goblins
  7 jackals
  8 kobolds
  A quokka (D:5)
  A ball python (D:1)
  12 bats
  3 frilled lizards
  4 rats
136 creatures vanquished.

Notes
Turn   | Place    | Note
-------+----------+-------------------------------------------
     0 | D:1      | Rrauwl the Formicid Fighter began the quest for the Orb.
     0 | D:1      | Reached XP level 1. HP: 18/18 MP: 1/1
    63 | D:1      | Found a shattered altar of Ashenzari.
   136 | D:1      | Reached XP level 2. HP: 20/24 MP: 2/2
   566 | D:2      | Reached XP level 3. HP: 25/29 MP: 3/3
   593 | D:2      | Reached skill level 1 in Dodging
   676 | D:2      | Reached skill level 3 in Axes
   676 | D:2      | Reached XP level 4. HP: 27/35 MP: 4/4
   831 | D:2      | Reached XP level 5. HP: 31/41 MP: 5/5
   846 | D:2      | Found a snail-covered altar of Cheibriados.
   854 | D:2      | Became a worshipper of Cheibriados the Contemplative
   937 | D:2      | Found a glowing silver altar of Zin.
  1310 | D:3      | Noticed Terence
  1338 | D:3      | Killed Terence
  1338 | D:3      | Reached skill level 4 in Axes
  1411 | D:3      | Noticed an ogre
  1421 | D:3      | Killed an ogre
  1421 | D:3      | Reached skill level 5 in Axes
  1421 | D:3      | Reached XP level 6. HP: 31/47 MP: 6/6
  1629 | D:3      | Reached * piety under Cheibriados
  1636 | D:3      | Noticed Sigmund
  1647 | D:3      | Killed Sigmund
  1647 | D:3      | Reached skill level 6 in Axes
  1647 | D:3      | Reached XP level 7. HP: 38/52 MP: 7/7
  1649 | D:3      | Found a basalt altar of Yredelemnul.
  1811 | D:3      | Found a stormy altar of Qazlal.
  2353 | D:4      | Gained mutation: You possess an exceptional clarity of mind. [potion of mutation]
  2353 | D:4      | Gained mutation: You occasionally shout uncontrollably at your foes. [potion of mutation]
  2353 | D:4      | Gained mutation: You are partially covered in slimy green scales. (AC +2) [potion of mutation]
  2353 | D:4      | Gained mutation: Your mind is acute. (Int +2) [potion of mutation]
  2449 | D:4      | Reached skill level 7 in Axes
  2502 | D:4      | Noticed Ijyb
  2512 | D:4      | Killed Ijyb
  2532 | D:4      | Found a white marble altar of Elyvilon.
  2534 | D:4      | Found a blossoming altar of Fedhas.
  2632 | D:4      | Reached XP level 8. HP: 58/58 MP: 8/8
  2650 | D:4      | Reached skill level 8 in Axes
  2657 | D:4      | Found a shattered altar of Ashenzari.
  2752 | D:4      | Reached ** piety under Cheibriados
  3123 | D:5      | Entered Level 5 of the Dungeon
  3229 | D:5      | Reached skill level 9 in Axes
  3300 | D:5      | Found a hazy altar of Hepliaklqana.
  3703 | D:5      | Reached *** piety under Cheibriados
  3703 | D:5      | Reached skill level 10 in Axes
  3703 | D:5      | Reached XP level 9. HP: 49/64 MP: 9/9
  3811 | D:5      | Noticed Pikel
  3827 | D:5      | Killed Pikel
  3827 | D:5      | Reached skill level 11 in Axes
  4078 | D:5      | Found a runed door.
  4082 | D:5      | Noticed Crazy Yiuf
  4084 | D:5      | Killed Crazy Yiuf
  4104 | D:5      | You fall through a shaft for 3 floors!
  4150 | D:8      | Slain by an orc warrior

Vault maps used:
D:1:      saegor_arrival_simple_f, evilmike_ruin_ashenzari
D:2:      cheibrodos_pilgrimage, lemuel_crystal_altar, lemuel_crystal_altar
D:3:      yredelemnul_altar_generic, nicolae_qazlal_eye_of_the_storm,
          uniq_terence, uniq_sigmund
D:4:      minmay_wonky_spiral, nicolae_overflow_hidden_temple,
          lemuel_crystal_altar, uniq_iyjb
D:5:      first_bread, minmay_ruined_shrine, uniq_pikel, uniq_crazy_yiuf_cottage

Skill      XL: |  1  2  3  4  5  6  7  8  9 |
---------------+----------------------------+-----
Shields        | 4 |  4.0
Dodging        | 1 2 |  2.2
Axes           | 3 5 6 7 10 11 | 11.7
Fighting       | |  3.2
Armour         | |  3.2

Action                   |  1- 3 |  4- 6 |  7- 9 || total
-------------------------+-------+-------+-------++-------
Melee: War axe           |    75 |   115 |   334 ||   524
Invok: Bend Time         |       |     1 |       ||     1
Evoke: Wand              |       |       |     2 ||     2
  Use: Scroll            |     3 |     5 |     5 ||    13
       Potion            |       |     3 |     9 ||    12
 Stab: Invisible         |       |       |     1 ||     1
  Eat: Chunk             |       |     3 |     4 ||     7
       Royal jelly       |       |       |     1 ||     1
Armor: Scale mail        |    31 |     1 |       ||    32
       Chain mail        |       |    39 |   116 ||   155
Dodge: Dodged            |    37 |    26 |    87 ||   150
Block: Shield            |    45 |    62 |   185 ||   292
